 Dungeon Crawl Stone Soup version 0.31-a0-986-g5e6e4ef867 (webtiles) character file.

Game seed: 162444415230722777

101392 protoss039 the Destroyer (level 15, -2/121 HPs)
             Began as a Demonspawn Earth Elementalist on Nov 2, 2023.
             Was a High Priest of Vehumet.
             Hit by a silver javelin thrown by a merfolk javelineer (4 damage)
             ... on level 3 of the Shoals on Nov 3, 2023.
             The game lasted 01:40:21 (30814 turns).

protoss039 the Destroyer (DsEE)                    Turns: 30814, Time: 01:40:21

Health: -2/121     AC: 22    Str: 15    XL:     15   Next: 83%
Magic:  12/30      EV: 10    Int: 25    God:    Vehumet [*****.]
Gold:   1049       SH: 13    Dex: 18    Spells: 1/37 levels left

rFire   . . .        e - +9 trident (venom)
rCold   + + .        S - +2 kite shield {rC+}
rNeg    . . .        I - +0 ring mail "Pistreazy" {rPois rC+ rCorr Int+3}
rPois   +            T - +2 helmet of Gestures {Str+6 Dex+3}
rElec   .            x - +2 cloak
rCorr   +            (gloves unavailable)
SInv    .            r - +0 pair of boots
Will    +....        U - amulet of the acrobat
Stlth   ++           o - ring of flight
HPRegen 0.40/turn    q - +4 ring of protection
MPRegen 0.22/turn

%: acrobat
@: flying, very slightly contaminated
A: slimy green scales 2, powered by death 2, demonic touch 3
a: Renounce Religion


You were on level 3 of the Shoals.
You worshipped Vehumet.
Vehumet was extremely pleased with you.
You visited 5 branches of the dungeon, and saw 26 of its levels.
You also visited: Ossuary and Ice Cave.

You collected 2540 gold pieces.
You spent 1491 gold pieces at shops.

Inventory:

Hand Weapons
 e - a +9 trident of venom (weapon)
 s - the +8 trident of the Lesser Evil {freeze, rElec rPois Str+3}
   (You found it on level 5 of the Dungeon)

   Str+3:     It affects your strength (+3).
   rElec:     It insulates you from electricity.
   rPois:     It protects you from poison
 J - a +1 scimitar of flaming
Missiles
 j - a throwing net
Armour
 p - a +1 ring mail of fire resistance
 r - a +0 pair of boots (worn)
 x - a +2 cloak (worn)
 I - the +0 ring mail "Pistreazy" (worn) {rPois rC+ rCorr Int+3}
   (You found it on level 12 of the Dungeon)

   Int+3:     It affects your intelligence (+3).
   rC+:       It protects you from cold.
   rPois:     It protects you from poison rCorr: It protects you from acid and
   corrosion.
 S - a +2 kite shield of cold resistance (worn)
 T - the +2 helmet of Gestures (worn) {Str+6 Dex+3}
   (You found it in an ice cave)

   Str+6:     It affects your strength (+6).
   Dex+3:     It affects your dexterity (+3).
Jewellery
 a - a ring of fire
 h - a ring of see invisible
 o - a ring of flight (left hand)
 q - a +4 ring of protection (right hand)
 v - a ring of protection from fire
 U - an amulet of the acrobat (around neck)
 V - a +4 ring of protection
Talismans
 i - a granite talisman
Wands
 k - a wand of mindburst (16)
 H - a wand of paralysis (16)
 L - a wand of quicksilver (1)
 N - a wand of iceblast (5)
 Q - a wand of flame (9)
Scrolls
 d - a scroll of brand weapon
 g - a scroll of fear
 t - a scroll of enchant armour
 u - 2 scrolls of immolation
 y - 2 scrolls of fog
 A - a scroll of acquirement {unknown}
 D - 2 scrolls of revelation
 F - 2 scrolls of torment
 M - a scroll of enchant weapon
 O - 3 scrolls of poison
 P - a scroll of teleportation
Potions
 b - 4 potions of magic
 c - 2 potions of cancellation
 f - a potion of enlightenment
 l - 3 potions of curing
 m - 7 potions of brilliance
 n - 2 potions of heal wounds
 w - a potion of ambrosia
 z - 3 potions of haste
 B - 3 potions of lignification
 C - 5 potions of mutation
 E - a potion of resistance
 G - 2 potions of invisibility
 K - 4 potions of might
 X - a potion of berserk rage
Miscellaneous
 W - a tin of tremorstones (2/2)


   Skills:
 + Level 12.3 Fighting
 - Level 6.0 Polearms
 + Level 9.8 Armour
 - Level 3.0 Dodging
 - Level 3.0 Stealth
 * Level 7.2 Shields
 * Level 11.7 Spellcasting
 * Level 12.6 Conjurations
 - Level 3.0 Necromancy
 - Level 3.0 Transmutations
 * Level 0.9 Ice Magic
 - Level 6.0 Air Magic
 + Level 9.3 Earth Magic
 - Level 3.0 Evocations


You had one spell level left.
You knew the following spells:

 Your Spells              Type           Power      Damage    Failure   Level
a - Sandblast             Erth           100%       2d20      1%          1
b - Passwall              Tmut/Erth      37%        N/A       2%          2
c - Stone Arrow           Conj/Erth      100%       3d13      1%          3
d - Swiftness             Air            44%        N/A       4%          3
e - Arcjolt               Conj/Air       28%        1d38      3%          5
f - Irradiate             Conj/Tmut      26%        3d20      5%          5
h - Freezing Cloud        Conj/Ice/Air   23%        6-21      10%         5
i - Borgnjor's Vile Clut  Necr/Erth      22%        N/A       36%         5
j - Orb of Destruction    Conj           33%        9d10      22%         7

Your spell library contained the following spells:

 Spells                   Type           Power      Damage    Failure   Level
 Summon Small Mammal      Summ           56%        N/A       19%         1
 Brom's Barrelling Bould  Conj/Erth      62%        2d8       1%          4
 Iskenderun's Battlesphe  Conj           67%        2d12      1%          5
 Cigotuvi's Dreadful Rot  Necr/Pois/Air  58%        N/A       8%          2
 Sublimation of Blood     Necr           29%        N/A       8%          2
 Inner Flame              Hex/Fire       14%        N/A       14%         3
 Petrify                  Tmut/Erth      45%        N/A       14%         4
 Ensorcelled Hibernation  Hex/Ice        32%        N/A       22%         2
 Jinxbite                 Hex            28%        N/A       26%         2
 Animate Armour           Summ/Erth      76%        N/A       26%         4
 Ozocubu's Armour         Ice            19%        N/A       36%         3
 Dispel Undead            Necr           29%        3d13      45%         4
 Vhi's Electric Charge    Tloc/Air       58%        N/A       45%         4
 Call Canine Familiar     Summ           14%        N/A       47%         3
 Summon Guardian Golem    Hex/Summ       14%        N/A       47%         3
 Yara's Violent Unravell  Hex/Tmut       11%        3d6       54%         5
 Anguish                  Hex/Necr       11%        N/A       67%         4
 Plasma Beam              Fire/Air       14%        2x1d25    86%         6
 Alistair's Intoxication  Tmut/Pois      14%        N/A       95%         5
 Lehudib's Crystal Spear  Conj/Erth      31%        10d8      95%         8
 Eringya's Noxious Bog    Tmut/Pois      11%        4d6       96%         6
 Metabolic Englaciation   Hex/Ice        8%         N/A       99%         5
 Summon Forest            Summ/Tloc      7%         N/A       99%         5
 Death Channel            Necr           14%        N/A       100%        6
 Simulacrum               Ice/Necr       12%        N/A       100%        6
 Enfeeble                 Hex            7%         N/A       100%        7
 Malign Gateway           Summ/Tloc      7%         N/A       100%        7
 Summon Hydra             Summ           7%         N/A       100%        7
 Maxwell's Capacitive Co  Air            22%        ∞         100%        8
 Summon Horrible Things   Summ           7%         N/A       100%        8


Dungeon Overview and Level Annotations

Branches:
Dungeon (15/15) Zot: 26088  Temple (1/1) D:5 Zot: 5945    Lair (5/5) D:10 Zot: 21861
 Shoals (3/4) Lair:2 Zot: 14292   Snake (0/4) Lair:3        Slime (0/5) Lair:5
    Orc (2/2) D:10 Zot: 10489     Elf (0/3) Orc:2        Vaults (0/5) D:13
 Depths (0/4) D:15        Ossuary (visited)           IceCv (visited)

Altars:
Ashenzari
Cheibriados
Dithmenos
Fedhas
Gozag
Hepliaklqana
Kikubaaqudgha
Makhleb
Nemelex Xobeh
Okawaru
Qazlal
Ru
Sif Muna
Trog
Uskayaw
Vehumet
Wu Jian
Xom
Yredelemnul
Jiyva

Shops:
Orc:2 [(!*   Shoals:3 (*

Annotations:
D:14 1 runed translucent door, Anay's ghost, journeyman FoFi


Innate Abilities, Weirdness & Mutations

You are mostly covered in slimy green scales. (AC +3)
You regenerate health from kills.
Your touch may irresistibly damage your foes and sap their willpower.


Message History

Aim: a merfolk javelineer, wielding a +0 spear, wearing a +0 leather armour and quivering silver javelins (freezing vapour, heavily wounded, 67% to hit)
The bolt of dispelling energy misses the merfolk javelineer.
The merfolk javelineer is engulfed in freezing vapours.
The merfolk javelineer throws a silver javelin.
The silver javelin pierces through you but does no damage.
The silver sears you!
* * * LOW HITPOINT WARNING * * *
Unknown command.
Unknown command.
Aiming: Quicksilver Bolt
Press: ? - help, Shift-Dir - straight line, f/p - merfolk javelineer
Aim: a merfolk javelineer, wielding a +0 spear, wearing a +0 leather armour and quivering silver javelins (freezing vapour, severely wounded, 67% to hit)
The bolt of dispelling energy hits the wind drake!
The wind drake is severely wounded.
The wind drake's magical effects unravel!
The bolt of dispelling energy misses the merfolk javelineer.
The merfolk throws a boomerang.
You block the boomerang.
The wind drake exhales a fierce blast of wind!
You are knocked back by the gust of wind.
You collide with the plant!
The plant begins to die.
The plant is lightly damaged.
Unknown command.
Unknown command.
Okay, then.
Unknown command.
The wind drake flaps its wings at you. The air twists around and strikes you!
* * * LOW HITPOINT WARNING * * *
The merfolk throws a boomerang.
The boomerang hits you but does no damage.
There is a stone staircase leading up here.
Unknown command.
Unknown command.
Okay, then.
Unknown command.
The merfolk javelineer throws a silver javelin.
The silver javelin pierces through you!
* * * LOW HITPOINT WARNING * * *
The silver sears you!
You die...

≈≈≈≈≈~~P~~~~~P~~~P~~~~~≈≈≈≈≈≈≈≈~~
≈≈≈≈≈~~~~~.P.....~~~~~~~~≈≈≈≈≈~~~
≈≈≈≈~~~~~..........~~~~~~≈≈≈≈~~~.
≈≈≈≈~~~~~P....PP....~~~~~~≈≈...P.
≈≈≈~~P~~~~P...∩P.....~~~≈~####PP.
~~~~~~P~PPPP.P.P...P....~≈.####.P
~~~~~~~~P~P.............~≈~.# #.P
~~~~~~~~P~P~...P..~~.~~~~~~.###P.
~~.~~~~~PP~PP...@~~~~~~~~~~~.PPPP
....~~~~P~PP~~.~~~~~~~~≈≈~.~~P..P
###..~~~~≈≈~~~~~~~~~~~~≈≈~~~~≈PPP
# ##....~PP~P.~~k~≈≈≈≈≈≈≈≈≈≈≈≈≈≈≈
###..~~~~~..~~~≈~~~≈≈≈≈≈≈≈≈≈≈≈
##.~~~~...~~~~~~~≈≈≈≈≈≈≈≈≈≈≈
#P.~~m~..~~~~~~~≈≈≈≈≈≈≈≈≈≈≈ #
#P.~~~~~m~~~~≈≈≈≈≈≈≈≈≈≈≈≈≈≈ .
#..~~~~)~.~~~≈≈≈≈≈≈≈≈≈≈≈≈≈≈


You could see a merfolk javelineer, a wind drake and a merfolk.

Vanquished Creatures
  Kirke (D:14)
  Azrael (D:13)
  Snorg (D:13)
  Josephine (D:14)
  A fire dragon (Lair:5)
  2 spectral krakens (Shoals:1)
  Fannar (Lair:1)
  2 hydras
  3 boulder beetles
  3 catoblepae
  An alligator snapping turtle (Shoals:3)
  2 merfolk avatars
  A centaur warrior (D:13)
  3 ghost crabs (Shoals:1)
  3 two-headed ogres
  7 orc high priests (Orc:2)
  Sonja (D:13)
  A skeletal warrior (D:13)
  3 skysharks
  A swamp dragon (Lair:5)
  7 sea snakes
  2 orc knights
  Pikel (D:9)
  An oklob plant (Lair:1)
  2 deep elf pyromancers
  An orc sorcerer (Orc:2)
  4 ugly things
  4 fauns
  7 manticores
  6 black mambas
  4 cyclopes
  18 elephants
  6 merfolk sirens
  2 spectral sea snakes (Shoals:1)
  3 centaur skeletons (D:13)
  3 ice statues (IceCv)
  A torpor snail (Lair:2)
  2 orange demons (D:10)
  10 cane toads
  A gargoyle (D:12)
  13 rime drakes
  11 komodo dragons
  An efreet (D:14)
  8 trolls
  3 spectral merfolk (Shoals:1)
  A spectral water nymph (Shoals:1)
  An anaconda simulacrum (IceCv)
  A queen bee (shapeshifter) (D:13)
  2 red devils (D:10)
  10 merfolk
  Grinder (D:5)
  30 blink frogs
  Prince Ribbit (D:7)
  2 polar bears
  7 snapping turtles
  3 dream sheep (Shoals:3)
  15 slime creatures
  Sigmund (D:4)
  3 shadows
  Eustachio (D:5)
  A water elemental (Shoals:3)
  7 wyverns
  5 wraiths
  34 yaks
  6 basilisks
  5 fire elementals
  6 hogs
  Grum (D:9)
  A steam dragon (D:6)
  8 wargs
  A death yak simulacrum (IceCv)
  7 vampire mosquitoes
  Menkaure (D:5)
  A harpy simulacrum (IceCv)
  3 nagas (Lair:3)
  Edmund (D:4)
  Duvessa (D:5)
  2 acid dragons (Lair:5)
  22 water moccasins
  3 hell hounds
  17 orc warriors
  A sky beast (D:8)
  2 swamp drakes (Lair:5)
  7 ogres
  24 wolves
  5 centaurs
  A phantom (D:3)
  A boggart (D:13)
  2 lemures (D:9)
  2 kobold brigands
  12 bullfrogs
  Blork the orc (D:4)
  4 scorpions
  A cane toad simulacrum (IceCv)
  8 wights
  Dowan (D:5)
  An elephant simulacrum (IceCv)
  4 killer bees (D:10)
  6 howler monkeys
  2 hounds
  33 orc priests
  Terence (D:3)
  A sleepcap (D:8)
  17 iguanas
  26 orc wizards
  6 hell rats (Lair:4)
  A polar bear simulacrum (IceCv)
  A boggart skeleton (D:13)
  3 wolf simulacra (IceCv)
  2 mummies (Ossuary)
  Robin (D:4)
  7 adders
  A white imp (D:5)
  2 ufetubi (D:7)
  A worm (D:3)
  A dart slug (D:1)
  85 orcs
  9 endoplasms
  2 giant cockroaches (D:1)
  A gnoll zombie (Ossuary)
  25 goblins
  11 hobgoblins
  9 jackals
  10 kobolds
  A quokka (D:3)
  6 ball pythons
  4 bats (D:1)
  2 frilled lizards
  6 goblin zombies (Ossuary)
  5 hobgoblin zombies (Ossuary)
  2 orc zombies (Ossuary)
  8 rats
  3 tentacles (Shoals:1)
750 creatures vanquished.

Vanquished Creatures (others)
  A sky beast (D:6)
  6 tentacles (Shoals:1)
7 creatures vanquished.

Grand Total: 757 creatures vanquished

Notes
Turn   | Place    | Note
-------+----------+-------------------------------------------
     0 | D:1      | protoss039 the Demonspawn Earth Elementalist began the
                  | quest for the Orb.
     0 | D:1      | Reached XP level 1. HP: 13/13 MP: 3/3
   170 | D:1      | You fall into a shaft and drop 1 floor!
   247 | D:1      | Gained mutation: Your touch may inflict minor irresistible
                  | damage on your foes. [demonic ancestry]
   247 | D:1      | Reached XP level 2. HP: 20/20 MP: 3/5
   284 | D:1      | Reached skill level 1 in Fighting
   613 | D:1      | Gained mutation: Your touch may inflict irresistible damage
                  | on your foes. [demonic ancestry]
   613 | D:1      | Reached XP level 3. HP: 15/26 MP: 1/6
   725 | D:1      | Found a faded altar of an unknown god.
  1223 | D:1      | Learned a level 2 spell: Passwall
  1667 | D:2      | Identified the +3 trident of Wu Jian's Benevolence
                  | {antimagic, Dex+3}
  1729 | D:2      | Gained mutation: Your touch may irresistibly damage your
                  | foes and sap their willpower. [demonic ancestry]
  1729 | D:2      | Reached XP level 4. HP: 33/33 MP: 4/8
  2021 | D:2      | Learned a level 3 spell: Stone Arrow
  2258 | D:3      | Noticed Terence
  2357 | D:3      | Killed Terence
  2358 | D:3      | Reached XP level 5. HP: 39/39 MP: 6/9
  2474 | D:3      | Noticed a phantom
  2481 | D:3      | Killed a phantom
  2482 | D:3      | Reached skill level 1 in Armour
  2482 | D:3      | Reached skill level 1 in Conjurations
  3116 | D:3      | Found a shimmering altar of Xom.
  3294 | D:4      | Noticed Blork the orc
  3300 | D:4      | Killed Blork the orc
  3301 | D:4      | Gained mutation: You are partially covered in slimy green
                  | scales. (AC +2) [demonic ancestry]
  3301 | D:4      | Reached XP level 6. HP: 43/47 MP: 9/11
  3351 | D:4      | Noticed Sigmund
  3360 | D:4      | Killed Sigmund
  3361 | D:4      | Reached skill level 1 in Polearms
  3422 | D:4      | Reached XP level 7. HP: 52/52 MP: 12/12
  3429 | D:4      | Noticed Robin
  3459 | D:4      | Killed Robin
  3628 | D:4      | Noticed Edmund
  3641 | D:4      | Killed Edmund
  3992 | D:5      | Entered Level 5 of the Dungeon
  3992 | D:5      | Found a staircase to the Ecumenical Temple.
  3998 | D:5      | Identified the +8 trident of the Lesser Evil {freeze, rElec
                  | rPois Str+3}
  4003 | Temple   | Entered the Ecumenical Temple
  4030 | Temple   | Became a worshipper of Vehumet
  4082 | D:5      | Noticed Duvessa
  4082 | D:5      | Noticed Dowan
  4084 | D:5      | Noticed Menkaure
  4101 | D:5      | Killed Menkaure
  4105 | D:5      | Killed Duvessa
  4106 | D:5      | Killed Dowan
  4107 | D:5      | Gained mutation: You are mostly covered in slimy green
                  | scales. (AC +3) [demonic ancestry]
  4107 | D:5      | Reached XP level 8. HP: 5/60 MP: 11/14
  4395 | D:5      | Identified the +1 robe of Memn {rN+ Slay+2}
  4409 | D:5      | Noticed Grinder
  4414 | D:5      | Paralysed by Grinder for 5 turns
  4415 | D:5      | Killed Grinder
  4438 | D:5      | Found a sand-covered staircase.
  4445 | Ossuary  | Entered an ossuary
  4476 | Ossuary  | Reached * piety under Vehumet
  4476 | Ossuary  | Offered knowledge of Shock by Vehumet.
  4603 | D:5      | Noticed Eustachio
  4620 | D:5      | Killed Eustachio
  4621 | D:5      | Reached skill level 5 in Earth Magic
  4819 | D:5      | Found an opulent altar of Gozag.
  4826 | D:5      | Found a sparkling altar of Nemelex Xobeh.
  4828 | D:5      | Found a faded altar of an unknown god.
  4954 | D:5      | Reached skill level 5 in Armour
  5696 | D:6      | Found a sacrificial altar of Ru.
  5769 | D:6      | Reached skill level 5 in Fighting
  5961 | D:6      | Reached XP level 9. HP: 67/68 MP: 16/16
  5966 | D:6      | Reached skill level 5 in Spellcasting
  6400 | D:7      | Noticed Prince Ribbit
  6411 | D:7      | Killed Prince Ribbit
  6859 | D:7      | Found an ornate altar of the Wu Jian Council.
  6859 | D:7      | Found a burning altar of Makhleb.
  7000 | D:8      | Noticed a catoblepas
  7010 | D:8      | Killed a catoblepas
  7828 | D:8      | Gained mutation: You regenerate a little health from kills.
                  | [demonic ancestry]
  7828 | D:8      | Reached XP level 10. HP: 77/77 MP: 19/19
  8097 | D:9      | Offered knowledge of Momentum Strike by Vehumet.
  8101 | D:9      | Reached ** piety under Vehumet
  8371 | D:9      | Noticed Grum
  8375 | D:9      | Noticed Pikel
  8387 | D:9      | Killed Grum
  8392 | D:9      | Killed Pikel
  8736 | D:10     | Entered Level 10 of the Dungeon
  8838 | D:10     | Found a staircase to the Orcish Mines.
  8853 | D:10     | Learned a level 3 spell: Swiftness
  8963 | D:10     | Noticed an orange demon
  8967 | D:10     | Noticed an orange demon
  8972 | D:10     | HP: 4/80 [asphyx]
  9032 | D:9      | Upgraded the game from 0.31-a0-983-g7b6862f502 to
                  | 0.31-a0-986-g5e6e4ef867
  9217 | D:10     | Killed an orange demon
  9218 | D:10     | Reached skill level 1 in Transmutations
  9228 | D:10     | Killed an orange demon
  9229 | D:10     | Reached skill level 1 in Air Magic
  9376 | D:10     | Offered knowledge of Volatile Blastmotes by Vehumet.
  9457 | D:10     | Found a staircase to the Lair.
  9544 | D:11     | Reached skill level 1 in Evocations
  9740 | D:10     | Gained mutation: You regenerate health from kills. [demonic
                  | ancestry]
  9740 | D:10     | Reached XP level 11. HP: 57/86 MP: 9/22
 10383 | D:11     | Reached *** piety under Vehumet
 10402 | D:11     | Noticed a two-headed ogre
 10407 | D:11     | Killed a two-headed ogre
 10518 | D:11     | Noticed a white ugly thing
 10529 | D:11     | Killed a white ugly thing
 11486 | D:11     | Learned a level 5 spell: Arcjolt
 11576 | D:12     | Noticed a boulder beetle
 11684 | D:12     | Killed a boulder beetle
 11735 | D:12     | Offered knowledge of Sticky Flame by Vehumet.
 11750 | D:12     | HP: 2/87 [slime creature (9)]
 12076 | D:12     | Identified the +0 ring mail "Pistreazy" {rPois rC+ rCorr
                  | Int+3}
 12110 | D:12     | Reached skill level 5 in Conjurations
 12203 | D:12     | Noticed a deep elf pyromancer
 12209 | D:12     | Killed a deep elf pyromancer
 12450 | D:12     | Reached XP level 12. HP: 81/95 MP: 7/24
 12978 | D:13     | Reached **** piety under Vehumet
 13055 | D:13     | Noticed Sonja
 13060 | D:13     | Killed Sonja
 13069 | D:13     | Reached skill level 5 in Polearms
 13179 | D:13     | Noticed a two-headed ogre
 13184 | D:13     | Killed a two-headed ogre
 13246 | D:13     | Offered knowledge of Iskenderun's Battlesphere by Vehumet.
 13262 | D:13     | Noticed a boulder beetle
 13276 | D:13     | Killed a boulder beetle
 13559 | D:13     | Noticed Azrael
 13807 | D:13     | Noticed Snorg
 13907 | D:13     | Killed Snorg
 14009 | D:13     | Noticed a catoblepas
 14017 | D:13     | Killed a catoblepas
 14099 | D:13     | Killed Azrael
 14598 | D:13     | Noticed a centaur warrior
 14607 | D:13     | Reached skill level 10 in Fighting
 14610 | D:13     | Killed a centaur warrior
 14835 | D:13     | Learned a level 5 spell: Iskenderun's Battlesphere
 15002 | D:13     | Found a gate to the Vaults.
 15168 | D:14     | Reached XP level 13. HP: 95/103 MP: 26/26
 15170 | D:14     | Noticed Kirke
 15205 | D:13     | Reached ***** piety under Vehumet
 15393 | D:14     | Killed Kirke
 15604 | D:14     | Found a runed translucent door.
 15604 | D:14     | Noticed Anay's ghost (journeyman FoFi)
 15670 | D:14     | Noticed Josephine
 15678 | D:14     | Killed Josephine
 15771 | D:14     | Found an ornate altar of the Wu Jian Council.
 15898 | D:14     | Learned a level 5 spell: Irradiate
 16143 | D:15     | Entered Level 15 of the Dungeon
 16147 | D:15     | Found a staircase to the Depths.
 16147 | D:15     | Noticed a dire elephant
 16147 | D:15     | Noticed an emperor scorpion
 16952 | Lair:1   | Entered Level 1 of the Lair of Beasts
 17170 | Lair:1   | Noticed Fannar
 17182 | Lair:1   | Killed Fannar
 17488 | Lair:1   | Reached skill level 1 in Shields
 17512 | Lair:1   | Offered knowledge of Ozocubu's Refrigeration by Vehumet.
 17597 | Lair:1   | Identified the +0 leather armour of Lugonu's Regard {rElec
                  | rN+ Int+2}
 18829 | Lair:2   | Reached skill level 10 in Spellcasting
 19454 | Lair:2   | Reached skill level 10 in Conjurations
 19633 | Lair:2   | Found a staircase to the Shoals.
 20490 | Lair:3   | Reached XP level 14. HP: 111/111 MP: 28/28
 20934 | Lair:3   | Found a staircase to the Snake Pit.
 21282 | Lair:3   | Learned a level 5 spell: Borgnjor's Vile Clutch
 21855 | Lair:4   | Reached skill level 5 in Air Magic
 21857 | Lair:4   | Reached skill level 1 in Necromancy
 22907 | Lair:5   | Entered Level 5 of the Lair of Beasts
 23140 | Lair:5   | Found a viscous altar of Jiyva.
 23140 | Lair:5   | Found a staircase to the Slime Pits.
 23175 | Lair:5   | Offered knowledge of Starburst by Vehumet.
 23464 | Lair:5   | Found a frozen archway.
 23541 | IceCv    | Entered an ice cave
 24013 | IceCv    | Identified the +2 helmet of Gestures {Str+6 Dex+3}
 24281 | Lair:5   | Found a basalt altar of Yredelemnul.
 24927 | Lair:5   | Reached skill level 5 in Shields
 24927 | Lair:5   | Reached XP level 15. HP: 74/120 MP: 0/29
 25528 | Orc:1    | Entered Level 1 of the Orcish Mines
 25624 | Orc:2    | Entered Level 2 of the Orcish Mines
 26238 | Orc:2    | Found a staircase to the Elven Halls.
 26423 | Orc:2    | Reached ****** piety under Vehumet
 26424 | Orc:2    | Found Fydus's Distillery.
 26424 | Orc:2    | Found Esoawn's Assorted Antiques.
 26432 | Orc:2    | Bought a potion of heal wounds for 55 gold pieces
 26432 | Orc:2    | Bought a potion of heal wounds for 55 gold pieces
 26432 | Orc:2    | Bought a potion of curing for 33 gold pieces
 26432 | Orc:2    | Bought a potion of invisibility for 88 gold pieces
 26432 | Orc:2    | Bought a potion of curing for 33 gold pieces
 26432 | Orc:2    | Bought a potion of enlightenment for 55 gold pieces
 26458 | Orc:2    | Bought 2 potions of haste for 560 gold pieces
 26458 | Orc:2    | Bought a blackened bone amulet for 140 gold pieces
 26515 | Orc:2    | Offered knowledge of Orb of Destruction by Vehumet.
 26519 | Orc:2    | Found Qudouhext's Antique Armour Emporium.
 26519 | Orc:2    | Found Dorgh's Weapon Shop.
 26952 | Orc:2    | Bought 2 potions of mutation for 176 gold pieces
 26952 | Orc:2    | Bought a potion of brilliance for 44 gold pieces
 26960 | Orc:2    | Learned a level 7 spell: Orb of Destruction
 27120 | Shoals:1 | Entered Level 1 of the Shoals
 29741 | Shoals:3 | Found Seoloz's Assorted Antiques.
 29746 | Shoals:3 | Bought a potion of magic for 168 gold pieces
 29746 | Shoals:3 | Bought a potion of might for 84 gold pieces
 29929 | Shoals:3 | Offered knowledge of Freezing Cloud by Vehumet.
 30001 | Shoals:3 | Learned a level 5 spell: Freezing Cloud
 30357 | Shoals:3 | Found Nuag's Firing Range.
 30814 | Shoals:3 | HP: 2/121 [merfolk javelineer/silver javelin (12)]
 30814 | Shoals:3 | Hit by a silver javelin thrown by a merfolk javelineer

Illustrated notes

Levels and vault maps discovered:
D:1:      arrival_zaba_pyramid, layout_basic,
          shapermc_ecumenical_altar_acropolis
D:2:      layout_rooms, palyth_stone_intersect, roderic_lattice_a
D:3:      layout_loops_corners, nicolae_overflow_hidden_temple, serial_aquarium,
          aquarium_bridge_straight [aquarium_subvault_bridge,
          aquarium_subvault_window, aquarium_subvault_bridge,
          aquarium_subvault_wall], aquarium_bridge_long_separate
          [aquarium_subvault_wall, aquarium_subvault_bridge,
          aquarium_subvault_wall, aquarium_subvault_bridge,
          aquarium_subvault_bridge, aquarium_subvault_bridge],
          aquarium_window_fake, aquarium_window_corner, aquarium_window_double,
          aquarium_view_2c, aquarium_balcony_3a, aquarium_pool_2,
          nrook_mini_vaults, minmay_misc_feat_room, chequers_jeans, uniq_terence
D:4:      cheibrodos_greedy_goblins, layout_cave_pools, uniq_blork_the_orc,
          uniq_sigmund, uniq_edmund, uniq_robin
D:5:      layout_basic, chequers_temple_overflow_minitemple,
          minmay_temple_entry_crystal_x, chequers_ossuary_entry_cave,
          serial_co_window_serial, co_window_paths_a, co_window_corner_a,
          co_window_of_opportunity_a, co_window_paths_b, co_window_paths_a,
          co_window_corner_a, co_window_corner_a, co_window_paths_a,
          co_window_paths_b, co_window_2corner, co_window_corner_b,
          co_window_of_opportunity_b, co_window_broadway_a,
          co_window_unsneaky_path_d, co_window_broadway_a, co_window_4corner_a,
          co_window_paths_d, glass_columns_a, glass_columns_c, uniq_grinder,
          uniq_menkaure, uniq_eustachio, uniq_duvessa
D:6:      hellmonk_ruined_rings, layout_loops_cross, general_overflow_altar
D:7:      layout_loops_ring, nicolae_overflow_two_pavilions, uniq_prince_ribbit1
D:8:      layout_basic
D:9:      layout_rooms, uniq_grum, uniq_pikel
D:10:     layout_cave_pods, david_lair_shrubbed, orc_0_dummy,
          serial_column_ruins, column_ruins_hut_water, column_ruins_hut,
          column_ruins_open_tiny_water, column_ruins_corridor_corner,
          column_ruins_open_tiny, column_ruins_grid_3,
          column_ruins_columns_corner, minmay_beelzebubs_servants
D:11:     layout_roguey, pond
D:12:     layout_long_grid
D:13:     layout_stronghold, hangedman_vaults_entry_quadrant_bands,
          kennysheep_generic_room_11, uniq_sonja, uniq_snorg, uniq_azrael
D:14:     layout_rooms, pdpol_wu_jian_five_deadly_venoms,
          hellmonk_ghost_happy_afterlife, serial_glass, glass_columns_c,
          glass_columns_b, glass_columns_b, glass_columns_a, glass_columns_a,
          glass_columns_a, uniq_josephine, uniq_kirke
D:15:     hangedman_depths_entry_try_elsewhere_first, layout_stronghold
Temple:   dpeg_chambers_temple
Lair:1:   layout_small_grid, st_stairs_4, uniq_fannar
Lair:2:   layout_roguey, mainiacjoe_shoals_entry_four_pools, st_stairs_3,
          minmay_holes
Lair:3:   layout_layer_cave, minmay_snake_entry_guardpost_small
Lair:4:   layout_gridlike, serial_bayou_crossing, lemuel_fruit_fields,
          serial_bayou_shore_b
Lair:5:   guppyfry_lair_end_dragon, layout_hall_layers,
          dpeg_slime_entry_enclosed, portal_ice_cave_rime, basic_altar,
          fungi_pond_lemuel
Shoals:1: layout_shoals, nicolae_shoals_spectral_cove
Shoals:2: layout_shoals, nicolae_shoals_lost_giant_baths
Shoals:3: layout_shoals, serial_shops, nicolae_shop_overgrown_old_shop,
          nicolae_shop_firing_range
Orc:1:    layout_caves
Orc:2:    st_orc_town, layout_caves, statue_in_the_mist_lemuel

Skill      XL: |  1  2  3  4  5  6  7  8  9 10 11 12 13 14 15 |
---------------+----------------------------------------------+-----
Fighting       | 1 2 3 5 6 8 9 10 11 12 | 12.3
Earth Magic    | 3 4 5 6 7 8 9 |  9.3
Spellcasting   | 3 4 6 7 8 9 10 11 | 11.7
Armour         | 1 2 3 5 6 8 9 |  9.8
Conjurations   | 1 2 3 5 8 10 11 12 | 12.6
Polearms       | 1 2 3 4 6 |  6.0
Dodging        | 2 3 |  3.0
Stealth        | 2 3 |  3.0
Transmutations | 1 3 |  3.0
Air Magic      | 1 3 4 6 |  6.0
Evocations     | 1 3 |  3.0
Shields        | 2 5 7 |  7.2
Necromancy     | 3 |  3.0
Ice Magic      | |  0.9

Action                     |  1- 3 |  4- 6 |  7- 9 | 10-12 | 13-15 || total
---------------------------+-------+-------+-------+-------+-------++-------
  Melee: Hand axe          |    17 |       |       |       |       ||    17
         Dagger            |    31 |     5 |       |       |       ||    36
         Touch             |     6 |     9 |    33 |    45 |    79 ||   172
         Punch             |     1 |     1 |     2 |     1 |     8 ||    13
         Unarmed           |       |    16 |       |       |     9 ||    25
         Trident           |       |    35 |   260 |   258 |   629 ||  1182
   Cast: Sandblast         |    43 |    15 |    10 |    57 |    29 ||   154
         Passwall          |       |       |     4 |     8 |     1 ||    13
         Stone Arrow       |       |       |     2 |   183 |   332 ||   517
         Swiftness         |       |       |       |     1 |       ||     1
         Iskenderun's Batt |       |       |       |     1 |     9 ||    10
         Arcjolt           |       |       |       |       |   101 ||   101
         Borgnjor's Vile C |       |       |       |       |    23 ||    23
         Freezing Cloud    |       |       |       |       |     7 ||     7
         Orb of Destructio |       |       |       |       |     4 ||     4
  Evoke: Wand              |       |       |       |    17 |    15 ||    32
    Use: Scroll            |       |     3 |     8 |    14 |    21 ||    46
         Potion            |       |       |     2 |     7 |     4 ||    13
   Stab: Sleeping          |     2 |     4 |     2 |     2 |     5 ||    15
         Distracted        |       |       |       |       |     1 ||     1
 Armour: Robe              |    32 |    10 |       |       |       ||    42
         Ring mail         |       |    14 |   194 |   426 |   953 ||  1587
         Skin              |       |       |       |       |     6 ||     6
  Dodge: Dodged            |    49 |    27 |   119 |   196 |   433 ||   824
  Block: Kite shield       |       |       |       |       |   199 ||   199

Table legend: (Time is in decaauts)
 A = Elapsed time spent in this place.
 B = Non-inter-level travel time spent in this place.
 C = Inter-level travel time spent in this place.
 D = Time resting spent in this place.
 E = Time spent auto-exploring this place.
 F = Levels seen in this place.
 G = Mean time per level.
                   A        B        C        D        E       F      G
               +--------+--------+--------+--------+--------+-----+--------+
         Total |  31065 |  29903 |   1162 |   7730 |  15452 |  28 | 1109.5 |
       Dungeon |  17019 |  16367 |    652 |   3929 |   9215 |  15 | 1134.6 |
        Temple |     54 |      2 |     52 |      0 |      0 |   1 |   54.0 |
          Lair |   8138 |   7877 |    261 |   1812 |   4533 |   5 | 1627.6 |
        Shoals |   3706 |   3650 |     56 |   1614 |    761 |   3 | 1235.3 |
  Orcish Mines |   1511 |   1372 |    139 |     75 |    889 |   2 |  755.5 |
       Ossuary |    111 |    111 |      0 |      0 |     53 |   1 |  111.0 |
      Ice Cave |    523 |    523 |      0 |    300 |      0 |   1 |  523.0 |
               +--------+--------+--------+--------+--------+-----+--------+

Top non-repeatable levels by time:
    D:13: 2884 daAuts
  Lair:5: 1978 daAuts
  Lair:3: 1801 daAuts
  Lair:1: 1763 daAuts
    D:11: 1718 daAuts
Shoals:1: 1718 daAuts
  Lair:2: 1512 daAuts
     D:5: 1345 daAuts
Shoals:2: 1294 daAuts
    D:10: 1251 daAuts
     D:3: 1227 daAuts
     D:1: 1205 daAuts
     D:8: 1166 daAuts
    D:14: 1115 daAuts
    D:12: 1084 daAuts
